 Dungeon Crawl Stone Soup version 0.30-a0-389-g8d7d949f56 (webtiles) character file.

Game seed: 11072332403919710461

3119 NinjaNoafa the Tainter (level 9, -5/39 HPs)
             Began as a Spriggan Venom Mage on Dec 2, 2022.
             Was a Believer of Sif Muna.
             Killed from afar by an acid dragon (13 damage)
             ... with a splash of acid
             ... on level 8 of the Dungeon on Dec 3, 2022.
             The game lasted 00:36:28 (11208 turns).

NinjaNoafa the Tainter (Spriggan Venom Mage)       Turns: 11208, Time: 00:36:28

Health: -5/39      AC:  8    Str:  4    XL:     9   Next: 60%
Magic:  11/22      EV: 16    Int: 21    God:    Sif Muna [**....]
Gold:   665        SH:  5    Dex: 15    Spells: 14/24 levels left

rFire   . . .      SeeInvis +    L - +8 hammer "Eper" {vorpal, Will+}
rCold   . . .      Faith    .    c - +0 buckler
rNeg    . . .      Spirit   .    a - +0 robe
rPois   .          Reflect  .    (helmet restricted)
rElec   .          Harm     .    K - +1 cloak {Will+}
rCorr   +          Rampage  .    (gloves unavailable)
Will    +++..                    (boots unavailable)
Stlth   ++........               s - amulet of the acrobat
HPRegen 0.26/turn                h - +4 ring of protection
MPRegen 0.18/turn                y - ring of resist corrosion

@: radiating poison, very quick
A: very small, no large weapons, unfitting armour, see invisible, speed 3
a: Renounce Religion, Channel Magic


You were on level 8 of the Dungeon.
You worshipped Sif Muna.
Sif Muna was pleased with you.
You visited 2 branches of the dungeon, and saw 9 of its levels.
You also visited: Sewer and Ossuary.

You collected 725 gold pieces.
You spent 60 gold pieces at shops.

Inventory:

Hand Weapons
 i - a +1 dagger of venom
 L - the +8 hammer "Eper" (weapon) {vorpal, Will+}
   (You found it on level 7 of the Dungeon)

   It inflicts extra damage upon your enemies.
   Will:      It increases your willpower.
Missiles
 m - 3 poisoned darts
 n - 50 stones
Armour
 a - a +0 robe (worn)
 c - a +0 buckler (worn)
 K - a +1 cloak of willpower (worn)
Jewellery
 h - a +4 ring of protection (left hand)
 s - an amulet of the acrobat (around neck)
 y - a ring of resist corrosion (right hand)
Wands
 j - a wand of mindburst (8)
 x - a wand of iceblast (6)
 z - a wand of polymorph (5)
Scrolls
 e - 4 scrolls of teleportation
 f - 4 scrolls of amnesia
 o - 4 scrolls of vulnerability
 p - 2 scrolls of poison {unknown}
 v - a scroll of brand weapon {unknown}
 A - a scroll of fear {unknown}
 B - a scroll of blinking {unknown}
 C - 4 scrolls of enchant armour {unknown}
 H - a scroll of fog {unknown}
 I - a scroll of identify
 J - a scroll of silence {unknown}
Potions
 b - 4 potions of magic
 d - 9 potions of curing
 g - 3 potions of heal wounds
 k - 2 potions of might
 l - 6 potions of mutation
 q - 2 potions of resistance
 r - 5 potions of haste
 t - 2 potions of berserk rage
 u - 3 potions of invisibility
 w - 3 potions of attraction
 D - 2 potions of flight
 F - 2 potions of lignification {unknown}
 G - a potion of ambrosia {unknown}


   Skills:
 - Level 3.4 Dodging
 - Level 3.0 Stealth
 - Level 0.8 Shields
 - Level 8.0 Spellcasting
 - Level 5.0 Transmutations
 - Level 5.0 Air Magic
 + Level 9.8 Poison Magic
 - Level 1.2 Invocations
 - Level 1.8 Evocations


You had 14 spell levels left.
You knew the following spells:

 Your Spells              Type           Power      Damage    Failure   Level
a - Sting                 Tmut/Pois      100%       1d8       1%          1
b - Poisonous Vapours     Pois/Air       78%        N/A       1%          2
c - Mephitic Cloud        Conj/Pois/Air  29%        N/A       7%          3
d - Olgreb's Toxic Radia  Pois           49%        N/A       3%          4

Your spell library contained the following spells:

 Spells                   Type           Power      Damage    Failure   Level


Dungeon Overview and Level Annotations

Branches:
Dungeon (8/15)             Temple (1/1) D:7           Sewer (visited)
Ossuary (visited)
   Lair: D:8-11

Altars:
Ashenzari
Cheibriados
Dithmenos
Elyvilon
Gozag
Hepliaklqana
Kikubaaqudgha
Makhleb
Nemelex Xobeh
Okawaru
Qazlal
Ru
Sif Muna
Uskayaw
Vehumet
Wu Jian
Xom
Yredelemnul
Zin

Shops:
D:2 *   D:4 [(:(


Innate Abilities, Weirdness & Mutations

You are very small and have problems with some larger weapons.
You are too small for most types of armour.
You have supernaturally acute eyesight. (SInv)
You cover ground extremely quickly. (Speed+++)


Message History

Found a shimmering altar of Xom.
An orc priest and an orc come into view.
The orc priest shouts!
You hear a shout!
The orc shouts!
You hear a shout!
An orc comes into view. It is wielding a +0 dagger.
The orc priest moves out of view.
You hear a shout! x2; You hear a loud, deep croak!
Casting: Sting (safe; 1% risk of failure)
Confirm with . or Enter, or press ? or * to list all spells.
You begin to radiate toxic energy.
The orc is poisoned. x2
The orc looks even sicker.
The orc looks even sicker.
You kill the orc!
Sif Muna accepts your kill.
Your toxic aura wanes.
Casting: Olgreb's Toxic Radiance (dangerous; 3% risk of failure)
Confirm with . or Enter, or press ? or * to list all spells.
You begin to radiate toxic energy.
The orc priest is poisoned.
You kill the orc!
Sif Muna accepts your kill.
The orc priest invokes the aid of Beogh against you.
Beogh smites you! You block the orc priest's attack.
You hit the orc priest.
The orc priest is severely wounded.
Your toxic aura wanes.
You block the orc priest's attack.
An acid dragon comes into view.
You hit the orc priest but do no damage.
The orc priest is severely wounded.
The orc priest hits you with a +0 whip. The orc priest closely misses you.
Casting: Olgreb's Toxic Radiance (dangerous; 3% risk of failure)
Confirm with . or Enter, or press ? or * to list all spells.
You begin to radiate toxic energy.
The orc priest looks even sicker.
The orc priest mumbles some strange prayers to Beogh against you.
Beogh smites you!
* * * LOW HITPOINT WARNING * * *
A gnoll comes into view. It is wielding a +1 whip of flaming.
The acid dragon spits acid at you. The splash of acid hits you! You resist.
You die...

# . .#### ...# ##
#... .# g.##.# . .#
#oD..# .. ..
#@#..#....
#.###.........
.##.....##......
.....#.#.#...#..#
.#...........##.#
#.#....#.........##
#......#....##....
..................##
#.###..............


You could see an acid dragon (catching breath), an orc priest (very poisoned)
and a gnoll.

Vanquished Creatures
  Pikel (D:4)
  Sigmund (D:3)
  An ice beast (D:8)
  2 black bears
  2 ogres (D:4)
  A centaur (D:7)
  A lemure (D:3)
  3 phantoms
  A bullfrog (D:6)
  4 scorpions
  2 necrophages
  3 wights (D:6)
  3 killer bees (D:8)
  A howler monkey (D:5)
  5 jellies
  5 hounds
  Crazy Yiuf (D:7)
  A gnoll bouda (D:7)
  An orc wizard (D:5)
  2 iguanas
  9 mummies
  12 adders
  8 gnolls
  13 river rats
  A shadow imp (D:7)
  A white imp (D:7)
  3 ufetubi
  3 worms
  2 dart slugs
  9 orcs
  8 bats
  10 endoplasms
  8 giant cockroaches
  A gnoll zombie (Ossuary)
  7 goblins
  6 hobgoblins
  7 jackals (D:2)
  16 quokkas
  15 ball pythons
  8 frilled lizards
  2 hobgoblin zombies (Ossuary)
  9 kobolds
  4 kobold zombies (Ossuary)
  An orc zombie (Ossuary)
  30 rats
234 creatures vanquished.

Notes
Turn   | Place    | Note
-------+----------+-------------------------------------------
     0 | D:1      | NinjaNoafa the Spriggan Venom Mage began the quest for the
                  | Orb.
     0 | D:1      | Reached XP level 1. HP: 9/9 MP: 5/5
   317 | D:1      | Reached XP level 2. HP: 13/13 MP: 2/7
   517 | D:1      | Found a faded altar of an unknown god.
  1129 | D:1      | Reached XP level 3. HP: 16/16 MP: 5/8
  1256 | D:2      | Learned a level 2 spell: Poisonous Vapours
  1560 | D:2      | Upgraded the game from 0.30-a0-385-gfebfb9b408 to
                  | 0.30-a0-389-g8d7d949f56
  1809 | D:2      | Found Qoakucvosi's General Store.
  1971 | D:2      | Bought a scroll of identify for 24 gold pieces
  1971 | D:2      | Bought a potion of curing for 36 gold pieces
  2355 | D:2      | Reached XP level 4. HP: 21/21 MP: 8/10
  3068 | D:3      | Reached skill level 1 in Air Magic
  3074 | D:3      | Found a glowing drain.
  3078 | Sewer    | Entered a sewer
  3368 | Sewer    | Reached XP level 5. HP: 24/24 MP: 8/12
  3798 | Sewer    | Reached skill level 4 in Poison Magic
  3840 | Sewer    | Reached XP level 6. HP: 28/28 MP: 2/14
  4079 | Sewer    | Found a shimmering altar of Xom.
  4128 | Sewer    | Reached skill level 5 in Spellcasting
  4128 | Sewer    | Reached skill level 5 in Transmutations
  4380 | D:3      | Found an ornate altar of the Wu Jian Council.
  4725 | D:3      | Noticed Sigmund
  4751 | D:3      | Killed Sigmund
  5150 | D:4      | Noticed Pikel
  5270 | D:4      | Reached skill level 5 in Poison Magic
  5270 | D:4      | Reached XP level 7. HP: 32/32 MP: 1/15
  5648 | D:4      | Killed Pikel
  5649 | D:4      | Reached skill level 6 in Poison Magic
  5649 | D:4      | Reached XP level 8. HP: 36/36 MP: 1/16
  5777 | D:4      | Reached skill level 5 in Air Magic
  5906 | D:4      | Found Joptotsy's Weapon Shoppe.
  5923 | D:4      | Found Fatoar's Armour Boutique.
  5955 | D:4      | Found Cussy's Book Emporium.
  6068 | D:4      | Found Zepitz's Weapon Shop.
  6403 | D:4      | Reached skill level 7 in Poison Magic
  6684 | D:4      | Found a shimmering blue altar of Sif Muna.
  6688 | D:4      | Became a worshipper of Sif Muna the Loreminder
  6735 | D:5      | Entered Level 5 of the Dungeon
  6948 | D:5      | Found an iron altar of Okawaru.
  7050 | D:5      | Reached skill level 8 in Poison Magic
  7561 | D:5      | Reached * piety under Sif Muna
  8844 | D:6      | Reached XP level 9. HP: 39/39 MP: 13/19
  8940 | D:6      | Reached skill level 9 in Poison Magic
  9721 | D:7      | Found a sand-covered staircase.
  9824 | D:7      | Learned a level 3 spell: Mephitic Cloud
  9829 | D:7      | Learned a level 4 spell: Olgreb's Toxic Radiance
  9842 | Ossuary  | Entered an ossuary
  9890 | Ossuary  | Reached ** piety under Sif Muna
 10265 | D:7      | Found a staircase to the Ecumenical Temple.
 10293 | Temple   | Entered the Ecumenical Temple
 10546 | D:7      | Found a runed translucent door.
 10547 | D:7      | Noticed Crazy Yiuf
 10559 | D:7      | Killed Crazy Yiuf
 10564 | D:7      | Identified the +8 hammer "Eper" {vorpal, Will+}
 10706 | D:7      | Reached skill level 1 in Evocations
 11075 | D:8      | Reached skill level 1 in Invocations
 11177 | D:8      | Found a shimmering altar of Xom.
 11208 | D:8      | Killed from afar by an acid dragon

Illustrated notes

Levels and vault maps discovered:
D:1:      wander_arrival_estate, layout_loops_ring,
          ebering_ecumenical_altar_sacrificial
D:2:      layout_loops_cross, serial_shops, shop
D:3:      layout_basic, nicolae_wu_jian_wuxing_cycle, portal_sewer_entry_e,
          uniq_sigmund
D:4:      layout_cave_pools, nicolae_sif_muna_little_library, serial_shops,
          nicolae_shop_statue_plus, nicolae_shop_stone, nicolae_take_the_stairs,
          nicolae_shop_stone, minmay_unequal, uniq_pikel
D:5:      lemuel_ratsnest, layout_basic, general_overflow_altar, st_stairs_1
D:6:      layout_loops_corners
D:7:      layout_gridville, minmay_temple_entry_junction,
          gup_ossuary_entry_pyramid, uniq_crazy_yiuf_cottage
D:8:      layout_cave_pools, mainiacjoe_overflow_cross_hatched, tso_metal_star,
          gammafunk_ghost_hydra_chop, minmay_fractal_squares_5
Temple:   eino_wide_crystal_templ

Skill      XL: |  1  2  3  4  5  6  7  8  9 |
---------------+----------------------------+-----
Spellcasting   | 3 4 5 6 8 |  8.0
Transmutations | 2 3 4 5 |  5.0
Air Magic      | 1 3 4 5 |  5.0
Poison Magic   | 4 5 6 8 9 |  9.8
Evocations     | 1 |  1.8
Dodging        | 3 |  3.4
Invocations    | 1 |  1.2
Stealth        | |  3.0
Shields        | |  0.8

Action                   |  1- 3 |  4- 6 |  7- 9 || total
-------------------------+-------+-------+-------++-------
Melee: Unarmed           |     5 |       |     6 ||    11
       Dagger            |    12 |    44 |   199 ||   255
       Punch             |       |       |     3 ||     3
       Mace              |       |       |     4 ||     4
 Cast: Sting             |    65 |    61 |   128 ||   254
       Poisonous Vapours |    15 |    78 |   109 ||   202
       Olgreb's Toxic Ra |       |       |    15 ||    15
       Mephitic Cloud    |       |       |     1 ||     1
Evoke: Wand              |       |       |    16 ||    16
  Use: Scroll            |     4 |     2 |     5 ||    11
 Stab: Sleeping          |     4 |       |     1 ||     5
Armor: Robe              |     3 |    17 |    45 ||    65
Dodge: Dodged            |    31 |    70 |   237 ||   338
Block: Buckler           |       |       |     2 ||     2

Table legend: (Time is in decaauts)
 A = Elapsed time spent in this place.
 B = Non-inter-level travel time spent in this place.
 C = Inter-level travel time spent in this place.
 D = Time resting spent in this place.
 E = Time spent auto-exploring this place.
 F = Levels seen in this place.
 G = Mean time per level.
                   A        B        C        D        E       F      G
               +--------+--------+--------+--------+--------+-----+--------+
         Total |   9051 |   8914 |    137 |    137 |   6679 |  11 |  822.8 |
       Dungeon |   7711 |   7582 |    129 |    137 |   5735 |   8 |  963.9 |
        Temple |     85 |     77 |      8 |      0 |     64 |   1 |   85.0 |
         Sewer |    983 |    983 |      0 |      0 |    694 |   1 |  983.0 |
       Ossuary |    270 |    270 |      0 |      0 |    185 |   1 |  270.0 |
               +--------+--------+--------+--------+--------+-----+--------+

Top non-repeatable levels by time:
     D:3: 1376 daAuts
     D:5: 1277 daAuts
     D:4: 1163 daAuts
     D:2: 1012 daAuts
   Sewer: 983 daAuts
     D:1: 939 daAuts
     D:6: 925 daAuts
     D:7: 883 daAuts
 Ossuary: 270 daAuts
     D:8: 134 daAuts
  Temple: 85 daAuts
